AoeStats
← Keyso0924

Black Forest

509877727Analyzed
3v3 RM · 3d ago on Sep 28, 2026· 22m 49s· 6 players
Game mode
Random Map
Map size
Normal (6 player)
Population
200
Speed
Normal
Resources
Standard
Victory
Conquest
Starting age
Dark Age
Ending age
Imperial Age
RankedLock teamsTeams togetherTeam positionsShared explorationLock speedFull tech treeHidden civsTurbo modeCheats
Victory
Defeat
🇨🇭 Japanese · Switzerland
1253
+15
🇨🇳 Khmer · China
1232
+16
🇫🇷 Armenians · France
1187
+17
🇹🇼 Danes · Taiwan
1361
-22
🇮🇩 Persians · Indonesia
1171
-14
🇹🇼 Bohemians · Taiwan
1136
-12
stevenmin830605
0:43 Loom
10:18 Feudal Age
10:39 Horse Collar
10:46 Double-Bit Axe
12:18 Wheelbarrow
18:03 Castle Age
16:51 Gold Mining
17:30 Stone Mining
18:54 Bow Saw
18:45 Heavy Plow
20:49 Stone Shaft Mining
Keyso0924
0:42 Loom
12:40 Feudal Age
18:24 Castle Age
17:32 Double-Bit Axe
20:52 Wheelbarrow
YDA
11:03 Feudal Age
12:13 Horse Collar
12:41 Double-Bit Axe
15:16 Castle Age
13:58 Double-Bit Axe
17:16 Bow Saw
22:54 Husbandry
23:07 Bloodlines
Kayou
11:53 Feudal Age
16:24 Castle Age
14:49 Double-Bit Axe
15:03 Man-at-Arms
18:21 Squires
20:22 Gambesons
20:54 Long Swordsman
22:19 Scale Mail Armor
Dr.Greenthumb
1:55 Loom
12:49 Feudal Age
17:55 Castle Age
16:17 Double-Bit Axe
16:18 Fishing Lines
17:18 Horse Collar
18:59 Heavy Plow
19:12 Bow Saw
20:48 Wheelbarrow
20:29 Gillnets
22:47 Gold Mining
ROCK
1:42 Loom
11:11 Feudal Age
16:07 Castle Age
14:48 Double-Bit Axe
16:31 Loom
17:01 Stone Mining
17:39 Bow Saw
18:50 Gold Mining
19:33 Horse Collar
Connection lost

Rejoining the realm…

Still unreachable

The connection could not be restored.

Session expired

The server has moved on; the page needs a fresh start.